[Event "Titled Tuesday Blitz March 28 Late 2023"]
[White "Ardito, Andrew"]
[Black "Ibadov, Dashgyn"]
[WhiteFideId "2033976"]
[BlackFideId "24107514"]
[WhiteElo "2091"]
[BlackElo "2208"]
[Result "0-1"]
[Round "01"]
[TimeControl "180+2"]
[Date "2023.03.28"]
[WhiteClock "0:00:23"]
[BlackClock "0:00:25"]

1. Nf3 d5 2. g3 Nd7 3. d4 Nb6 4. Bg2 Bf5 5. O-O e6 6. Re1 h6 7. Nh4 Bh7 8. Nc3 Nf6 9. e4 dxe4 10. Nxe4 Nxe4 11. Bxe4 Bxe4 12. Rxe4 Be7 13. Ng2 Qd5 14. Qg4 O-O-O 15. Ne3 Qc6 16. Re5 Bf6 17. Rc5 Qd6 18. c3 Kb8 19. Nc4 Nxc4 20. Rxc4 e5 21. Be3 Rhe8 22. Rd1 Qd5 23. Qe2 b6 24. Ra4 exd4 25. cxd4 Re6 26. Qa6 Qb7 27. d5 Qxa6 28. Rxa6 Red6 29. Bf4 Rxd5 30. Rc1 Rd1+ 31. Rxd1 Rxd1+ 32. Kg2 Bxb2 0-1


[Site "https://www.chess.com"]

[Event "Titled Tuesday Blitz March 28 Late 2023"]
[White "Chylewski, Patryk"]
[Black "Oliveira, Tiago Batista"]
[WhiteFideId "1186191"]
[BlackFideId "2108291"]
[WhiteElo "2163"]
[BlackElo "1962"]
[Result "0-1"]
[Round "01"]
[TimeControl "180+2"]
[Date "2023.03.28"]
[WhiteClock "0:00:27"]
[BlackClock "0:00:25"]

1. e4 c5 2. Nf3 Nc6 3. g3 g6 4. Bg2 Bg7 5. O-O e6 6. c3 Nge7 7. d4 cxd4 8. cxd4 d5 9. e5 O-O 10. Nc3 Qb6 11. Rb1 Qa6 12. Bg5 b5 13. Qe2 b4 14. Qxa6 Bxa6 15. Na4 Bxf1 16. Bxf1 Nf5 17. Rd1 h6 18. Bc1 Rfc8 19. g4 Nfxd4 20. Nxd4 Nxd4 21. Rxd4 Rxc1 22. Rxb4 Bxe5 23. Kg2 Rb8 24. Rxb8+ Bxb8 25. Bd3 e5 26. f3 Rd1 27. Be2 Rd2 28. Kf2 e4 29. Ke3 Rc2 30. fxe4 dxe4 31. Bd1 Rxh2 32. Kxe4 Kg7 33. Kf3 Rd2 34. Be2 Bd6 35. Bc4 Rd4 36. b3 Rf4+ 37. Ke3 Rxg4 38. Nb2 Rg2 39. Nd3 Rxa2 40. Ke4 Ra3 41. Kd5 Be7 42. Ne5 h5 43. Ke4 f6 44. Nc6 Bd6 45. Nd4 Be5 46. Nb5 Ra1 47. Kd5 h4 48. Ke6 h3 49. Bd5 h2 50. Bc6 h1=Q 51. Bxh1 Rxh1 52. Nxa7 Rb1 0-1


[Site "https://www.chess.com"]

[Event "Titled Tuesday Blitz March 28 Late 2023"]
[White "Necula, Iulian"]
[Black "Zhang, Derek"]
[WhiteFideId "1232380"]
[BlackFideId "2087871"]
[WhiteElo "1790"]
[BlackElo "2087"]
[Result "0-1"]
[Round "01"]
[TimeControl "180+2"]
[Date "2023.03.28"]
[WhiteClock "0:00:58"]
[BlackClock "0:01:57"]

1. d4 e6 2. Nc3 f5 3. Bf4 Nf6 4. e3 Bb4 5. Qd3 b6 6. a3 Bxc3+ 7. Qxc3 Bb7 8. Nf3 d6 9. Bb5+ Nbd7 10. Bxd7+ Qxd7 11. O-O-O Ne4 12. Qe1 b5 13. Nd2 a5 14. f3 Nf6 15. Rg1 b4 16. Nb1 O-O 17. h3 Rfb8 18. Bg5 Nd5 19. e4 bxa3 20. Nxa3 Nb4 21. exf5 exf5 22. Qe7 Qxe7 23. Bxe7 Re8 24. Bg5 Ba6 25. Bd2 Re2 26. Nb1 Na2# 0-1


[Site "https://www.chess.com"]

[Event "Titled Tuesday Blitz March 28 Late 2023"]
[White "Hajiyev, Kanan"]
[Black "dorpato"]
[WhiteFideId "13404148"]
[WhiteElo "2103"]
[BlackElo "2042"]
[Result "1-0"]
[Round "01"]
[TimeControl "180+2"]
[Date "2023.03.28"]
[WhiteClock "0:00:24"]
[BlackClock "0:00:12"]

1. d4 d5 2. Nf3 c5 3. c3 cxd4 4. cxd4 Nc6 5. Nc3 Nf6 6. Bg5 Ne4 7. Bf4 Nxc3 8. bxc3 e6 9. e3 Bd6 10. Bd3 Bxf4 11. exf4 h6 12. O-O O-O 13. Re1 Qf6 14. g3 Bd7 15. Rb1 Na5 16. Ne5 Bc8 17. h4 Nc6 18. Kg2 Nxe5 19. fxe5 Qe7 20. Bc2 f5 21. exf6 Qxf6 22. f4 g6 23. Qd3 Kg7 24. h5 b6 25. hxg6 Bd7 26. Rh1 Be8 27. Rbe1 Rd8 28. Re5 Rd6 29. Rh4 Rg8 30. Reh5 Rh8 31. Qa6 Rd7 32. Qd3 Rc7 33. Qe3 Rd7 34. g4 Rc7 35. Rxh6 Rxh6 36. Rxh6 Qf8 37. Qe5+ Kxh6 38. Qh5+ Kg7 39. Qh7+ Kf6 40. g5# 1-0


[Site "https://www.chess.com"]

[Event "Titled Tuesday Blitz March 28 Late 2023"]
[White "Maluco_do_Natal_00"]
[Black "Dobre, Claudiu-Cristian"]
[BlackFideId "1211854"]
[WhiteElo "2036"]
[BlackElo "2207"]
[Result "0-1"]
[Round "01"]
[TimeControl "180+2"]
[Date "2023.03.28"]
[WhiteClock "0:01:21"]
[BlackClock "0:00:57"]

1. e4 Nc6 2. Nf3 d6 3. d4 Nf6 4. Nc3 Bg4 5. Be2 e6 6. Be3 d5 7. e5 Nd7 8. Qd2 Ne7 9. Nd1 Nf5 10. c3 c5 11. h3 Bxf3 12. Bxf3 Nh4 0-1


[Site "https://www.chess.com"]

[Event "Titled Tuesday Blitz March 28 Late 2023"]
[White "Yelisieiev, Yevhenii"]
[Black "Aung Thant Zin"]
[WhiteFideId "14139642"]
[BlackFideId "13000063"]
[WhiteElo "2447"]
[BlackElo "2278"]
[Result "0-1"]
[Round "01"]
[TimeControl "180+2"]
[Date "2023.03.28"]
[WhiteClock "0:00:26"]
[BlackClock "0:00:22"]

1. d4 Nf6 2. Nf3 d5 3. c4 e6 4. Nc3 Be7 5. Bg5 O-O 6. e3 Ne4 7. Bxe7 Qxe7 8. Nxe4 dxe4 9. Nd2 f5 10. Be2 c5 11. d5 Rd8 12. O-O Kh8 13. Qb3 Na6 14. f3 exf3 15. Bxf3 exd5 16. cxd5 Rb8 17. a4 Nb4 18. Rad1 Bd7 19. a5 Bb5 20. Rfe1 Nd3 21. Qxb5 Nxe1 22. Rxe1 g5 23. e4 g4 24. Bd1 Qh4 25. Qxc5 Qxe1+ 26. Nf1 Qxd1 27. Qc3+ Kg8 28. Qf6 Rd7 29. Qe6+ Rf7 30. exf5 Rd8 31. f6 Qxd5 32. Qxg4+ Kh8 33. h4 Qd4+ 34. Qxd4 Rxd4 35. Ne3 Rxf6 36. g4 Rf3 37. Nc2 Rd2 38. Ne1 Rd1 39. Kg2 Rxe1 40. Kxf3 Rb1 41. g5 Rxb2 42. h5 Rb5 43. Kf4 Rxa5 44. h6 Kg8 45. Kg4 Rb5 46. Kh5 a5 47. Kh4 a4 48. Kh5 a3 49. Kh4 a2 50. Kh5 a1=Q 51. Kh4 Qh1+ 52. Kg4 Qe4+ 53. Kh5 Rb4 54. g6 Rb5# 0-1


[Site "https://www.chess.com"]

[Event "Titled Tuesday Blitz March 28 Late 2023"]
[White "Pirvulescu, Ekaterina"]
[Black "Ahn, Hongjin"]
[WhiteFideId "13506374"]
[BlackFideId "13201492"]
[WhiteElo "2006"]
[BlackElo "2182"]
[Result "0-1"]
[Round "01"]
[TimeControl "180+2"]
[Date "2023.03.28"]
[WhiteClock "0:00:05"]
[BlackClock "0:00:05"]

1. e4 g6 2. d4 Bg7 3. c4 d6 4. Nc3 Nf6 5. f3 O-O 6. Be3 c5 7. Nge2 Nc6 8. Qd2 Qa5 9. O-O-O Nd7 10. Kb1 a6 11. Nd5 e6 12. Ne7+ Kh8 13. Nxc6 Qxd2 14. Rxd2 bxc6 15. dxc5 dxc5 16. Kc2 Rb8 17. b3 a5 18. h4 a4 19. Nc3 axb3+ 20. axb3 h6 21. Na4 Ra8 22. Be2 f5 23. exf5 gxf5 24. Rhd1 f4 25. Bf2 Nf6 26. Bxc5 Re8 27. Rd8 e5 28. Rxe8+ Nxe8 29. Rd8 Bf5+ 30. Rd3 Nc7 31. Kd2 Bxd3 32. Bxd3 Ne6 33. Bf2 Rd8 34. Kc2 Bf8 35. Be4 Bb4 36. Nc3 c5 37. Bd5 Nd4+ 38. Bxd4 cxd4 39. Ne4 Kg7 40. Kd3 Rd7 41. c5 Rxd5 42. Kc4 Rd8 43. Kxb4 d3 44. Kc3 Kf7 45. b4 Ke6 46. b5 Rb8 47. Kxd3 Rxb5 48. Kc4 Rb2 49. c6 Rc2+ 50. Nc3 Kd6 51. Kd3 Rxg2 52. Ne4+ Kxc6 53. Nf6 Kd6 54. Ke4 Ke6 55. Ng4 h5 56. Nh6 Re2+ 57. Kd3 Re3+ 58. Kd2 Rxf3 59. Ng8 Rg3 0-1


[Site "https://www.chess.com"]

[Event "Titled Tuesday Blitz March 28 Late 2023"]
[White "angelgab3"]
[Black "hsd2016"]
[WhiteElo "2526"]
[BlackElo "2023"]
[Result "1-0"]
[Round "01"]
[TimeControl "180+2"]
[Date "2023.03.28"]
[WhiteClock "0:00:16"]
[BlackClock "0:00:01"]

1. e4 e5 2. Nf3 Nc6 3. Bc4 Nf6 4. d3 Bc5 5. O-O O-O 6. Re1 h6 7. h3 d6 8. c3 a6 9. a4 Ba7 10. Bb3 Be6 11. Be3 Bxe3 12. Rxe3 Qd7 13. Bxe6 Qxe6 14. a5 d5 15. Nbd2 d4 16. Re1 dxc3 17. bxc3 Rad8 18. Qc2 Qd7 19. Re3 Nh5 20. Nc4 f6 21. Qb3 Kh7 22. Qxb7 Nf4 23. Qxa6 Rb8 24. Rd1 Ne6 25. d4 Nc5 26. dxc5 Qxd1+ 27. Re1 Qa4 28. Ne3 Qxa5 29. Qc4 Rb5 30. Qe6 Rxc5 31. Qf5+ Kh8 32. Nh4 Ne7 33. Qe6 Qxc3 34. Rd1 Ng8 35. Ng6+ Kh7 36. Nxf8+ Kh8 37. Rd8 Qe1+ 38. Nf1 Rc1 39. Ng6+ Kh7 40. Qxg8+ Kxg6 41. Qe8+ Kg5 42. Qb5 c6 43. Qd3 Kg6 44. Rd7 c5 45. Qg3+ Kh5 46. Qg4# 1-0


[Site "https://www.chess.com"]

[Event "Titled Tuesday Blitz March 28 Late 2023"]
[White "Maranhao,Jose Renato Ruiz"]
[Black "Krishnan, Varun"]
[WhiteFideId "2135175"]
[BlackFideId "5054508"]
[WhiteElo "1970"]
[BlackElo "2526"]
[Result "0-1"]
[Round "01"]
[TimeControl "180+2"]
[Date "2023.03.28"]
[WhiteClock "0:00:05"]
[BlackClock "0:00:03"]

1. e4 e5 2. Nf3 Nc6 3. Bb5 a6 4. Ba4 Nf6 5. O-O Be7 6. Re1 b5 7. Bb3 O-O 8. c3 d6 9. h3 Na5 10. Bc2 c5 11. d3 Qc7 12. Nbd2 Bb7 13. Nf1 c4 14. d4 Rad8 15. d5 h6 16. b4 cxb3 17. axb3 Ra8 18. Ne3 Bc8 19. Qd3 Nb7 20. b4 Bd7 21. Nh4 Nh5 22. Nef5 Bxh4 23. Nxh4 a5 24. bxa5 Rxa5 25. Rxa5 Nxa5 26. f4 Rc8 27. fxe5 dxe5 28. Bd2 Nc4 29. Nf5 Bxf5 30. exf5 Nxd2 31. Qxd2 Qxc3 32. Qxc3 Rxc3 33. Be4 Nf6 34. d6 Rc4 35. Bb7 e4 36. Rd1 Nd7 37. Bd5 Rc5 38. Bxe4 b4 39. Rb1 Rc4 40. Bd3 Rd4 41. Bf1 Rxd6 42. Re1 Nf6 43. Re8+ Kh7 44. Rf8 Rd7 45. Bc4 Rc7 46. Bxf7 h5 47. Bg6+ Kh6 48. Rh8+ Kg5 49. g3 h4 50. gxh4+ Kf4 51. h5 Ke3 52. Rb8 Rc1+ 53. Kg2 Rc2+ 54. Kg3 Ne4+ 55. Kh4 Rg2 56. f6 Ng5 57. fxg7 Nf3# 0-1


[Site "https://www.chess.com"]

[Event "Titled Tuesday Blitz March 28 Late 2023"]
[White "Remolar Gallen, Jose"]
[Black "Burke, Paul"]
[WhiteFideId "2215187"]
[BlackFideId "2605767"]
[WhiteElo "2223"]
[BlackElo "1958"]
[Result "1-0"]
[Round "01"]
[TimeControl "180+2"]
[Date "2023.03.28"]
[WhiteClock "0:01:21"]
[BlackClock "0:00:50"]

1. e4 e5 2. Nf3 Nc6 3. Bb5 f5 4. Nc3 Nf6 5. d3 Be7 6. Bg5 O-O 7. Qe2 d6 8. O-O-O f4 9. h4 Bg4 10. Bc4+ Kh8 11. Qf1 Bxf3 12. gxf3 Nd4 13. Qg2 c6 14. Rdg1 Nh5 15. Qg4 g6 16. Bh6 b5 17. Qxh5 gxh5 18. Bg7# 1-0


[Site "https://www.chess.com"]

[Event "Titled Tuesday Blitz March 28 Late 2023"]
[White "Nakamura, Hikaru"]
[Black "Domingo Nunez, Alejandro"]
[WhiteFideId "2016192"]
[BlackFideId "22245561"]
[WhiteElo "2879"]
[BlackElo "2230"]
[Result "1-0"]
[Round "02"]
[TimeControl "180+2"]
[Date "2023.03.28"]
[WhiteClock "0:01:36"]
[BlackClock "0:00:52"]

1. e4 g6 2. d4 Bg7 3. Nc3 c6 4. h4 h5 5. Nf3 d5 6. e5 Bg4 7. Be2 Nh6 8. Ng5 Bxe2 9. Nxe2 O-O 10. e6 f6 11. Nh3 Qd6 12. Nef4 g5 13. hxg5 fxg5 14. Nxh5 Qxe6+ 15. Kf1 Ng4 16. Nxg7 Kxg7 17. Bxg5 Qf5 18. f3 Nd7 19. Kg1 Ngf6 20. Qd2 Rh8 21. Re1 Rag8 22. Bxf6+ Qxf6 23. Qf4 Kf8 24. Qxf6+ Nxf6 25. c3 Nh5 26. Kf2 Ng3 27. Rhg1 Kf7 28. Re5 Kf6 29. Rge1 Nf5 30. g4 Nh4 31. Re6+ Kg7 32. Rxe7+ Kf8 33. Nf4 Nf5 34. Re8+ Kf7 35. Rxg8 Rh2+ 36. Kg1 1-0


[Site "https://www.chess.com"]

[Event "Titled Tuesday Blitz March 28 Late 2023"]
[White "Sieciechowicz, Marcin"]
[Black "Vachier-Lagrave, Maxime"]
[WhiteFideId "1130170"]
[BlackFideId "623539"]
[WhiteElo "2302"]
[BlackElo "2740"]
[Result "0-1"]
[Round "02"]
[TimeControl "180+2"]
[Date "2023.03.28"]
[WhiteClock "0:00:03"]
[BlackClock "0:01:46"]

1. d4 Nf6 2. c4 e6 3. Nc3 Bb4 4. Qc2 c5 5. dxc5 O-O 6. Nf3 Bxc5 7. Bg5 h6 8. Bh4 Be7 9. e3 d5 10. cxd5 exd5 11. Rd1 Nc6 12. Bxf6 Bxf6 13. Nxd5 Be6 14. Nxf6+ Qxf6 15. Bc4 Bg4 16. O-O Bxf3 17. gxf3 Qxf3 18. Bd5 Qf6 19. Bxc6 Rac8 20. Rd4 Rxc6 21. Qd2 Qf3 22. Rd6 Rc5 23. Rc1 Rg5+ 24. Kf1 Rg2 25. Rd1 Rxh2 0-1


[Site "https://www.chess.com"]

[Event "Titled Tuesday Blitz March 28 Late 2023"]
[White "Bortnyk, Olexandr"]
[Black "Thomforde-Toates, Noah"]
[WhiteFideId "14120828"]
[BlackFideId "30951992"]
[WhiteElo "2734"]
[BlackElo "2657"]
[Result "1-0"]
[Round "02"]
[TimeControl "180+2"]
[Date "2023.03.28"]
[WhiteClock "0:00:09"]
[BlackClock "0:00:04"]

1. d4 Nf6 2. Nc3 d6 3. e4 e5 4. Nf3 Nbd7 5. Bc4 Be7 6. O-O c6 7. a4 h6 8. Re1 Qc7 9. h3 a5 10. Be3 g5 11. dxe5 Nxe5 12. Be2 Rg8 13. Nd4 Be6 14. Nxe6 fxe6 15. Qd4 Ng6 16. Rad1 Nf4 17. Bc4 e5 18. Qd2 Rg7 19. Bxf4 gxf4 20. Be6 Qb6 21. Qd3 Rd8 22. Rf1 Nh7 23. Kh2 Ng5 24. Bg4 h5 25. Bxh5+ Kd7 26. Qc4 Rh8 27. Bg4+ Ke8 28. Bf5 f3 29. gxf3 Nxf3+ 30. Kh1 Qxb2 31. Ne2 Qb4 32. Qe6 Qb6 33. Rxd6 Qa6 34. Rd8+ Kxd8 35. Qd7# 1-0


[Site "https://www.chess.com"]

[Event "Titled Tuesday Blitz March 28 Late 2023"]
[White "Wieczorek, Oskar"]
[Black "Erigaisi Arjun"]
[WhiteFideId "1133950"]
[BlackFideId "35009192"]
[WhiteElo "2418"]
[BlackElo "2737"]
[Result "0-1"]
[Round "02"]
[TimeControl "180+2"]
[Date "2023.03.28"]
[WhiteClock "0:00:16"]
[BlackClock "0:00:53"]

1. e4 d6 2. d4 g6 3. Nf3 Bg7 4. Bc4 Nc6 5. c3 Nf6 6. Qe2 e5 7. dxe5 Nxe5 8. Nxe5 dxe5 9. f3 h5 10. O-O h4 11. Be3 Nh5 12. Nd2 Ng3 13. hxg3 hxg3 14. Rfd1 Bf8 15. Nb3 Qf6 16. Rd2 Rh2 17. Qd3 Be7 18. Rad1 Kf8 19. Nc5 Qh4 20. Kf1 Rh1+ 21. Bg1 Rxg1+ 22. Kxg1 Bxc5+ 23. Kf1 Qh1+ 24. Ke2 Qxg2+ 0-1


[Site "https://www.chess.com"]

[Event "Titled Tuesday Blitz March 28 Late 2023"]
[White "Andreikin, Dmitry"]
[Black "Rostomyan, Mikayel"]
[WhiteFideId "4158814"]
[BlackFideId "13313754"]
[WhiteElo "2736"]
[BlackElo "2009"]
[Result "1-0"]
[Round "02"]
[TimeControl "180+2"]
[Date "2023.03.28"]
[WhiteClock "0:01:46"]
[BlackClock "0:00:49"]

1. d4 Nf6 2. c4 c5 3. Nf3 cxd4 4. Nxd4 e6 5. g3 d5 6. Bg2 e5 7. Nf3 d4 8. O-O Nc6 9. e3 Be7 10. exd4 exd4 11. b4 Nxb4 12. Nxd4 O-O 13. Bb2 Na6 14. Nc3 Nc5 15. Re1 Ne6 16. Nf5 Bc5 17. Nd5 Nxd5 18. cxd5 Qb6 19. Qd2 Bb4 20. Bc3 Bxc3 21. Qxc3 Qc5 22. Qb2 f6 23. Rac1 Qa5 24. Ne7+ Kh8 25. dxe6 1-0


[Site "https://www.chess.com"]

[Event "Titled Tuesday Blitz March 28 Late 2023"]
[White "Rytenko, Vsevolod"]
[Black "Naroditsky, Daniel"]
[WhiteFideId "14133040"]
[BlackFideId "2026961"]
[WhiteElo "2262"]
[BlackElo "2633"]
[Result "0-1"]
[Round "02"]
[TimeControl "180+2"]
[Date "2023.03.28"]
[WhiteClock "0:01:24"]
[BlackClock "0:01:59"]

1. e4 c5 2. Nf3 d6 3. d4 cxd4 4. Nxd4 Nf6 5. Nc3 a6 6. f3 e5 7. Nb3 Be6 8. Be3 Be7 9. Qd2 O-O 10. O-O-O a5 11. a4 Nc6 12. Kb1 Nb4 13. g4 Rc8 14. g5 Ne8 15. h4 d5 16. exd5 Bf5 17. Na1 Nd6 18. Bd3 Nxd3 19. cxd3 Qd7 20. Bb6 Nc4 21. Qf2 Bb4 22. Ne4 Nxb6 23. Qxb6 Qxd5 24. Nc2 Be6 0-1


[Site "https://www.chess.com"]

[Event "Titled Tuesday Blitz March 28 Late 2023"]
[White "Caruana, Fabiano"]
[Black "Cuenca Jimenez, Jose Fernando"]
[WhiteFideId "2020009"]
[BlackFideId "2255570"]
[WhiteElo "2818"]
[BlackElo "2429"]
[Result "1-0"]
[Round "02"]
[TimeControl "180+2"]
[Date "2023.03.28"]
[WhiteClock "0:01:18"]
[BlackClock "0:00:01"]

1. d4 d6 2. c4 Nf6 3. Nc3 e5 4. Nf3 e4 5. Ng5 Qe7 6. Qc2 Bf5 7. g3 h6 8. Nh3 g5 9. Bg2 Bg7 10. e3 O-O 11. Ng1 Bg6 12. Nge2 c6 13. b4 a5 14. b5 Nbd7 15. O-O h5 16. Rb1 c5 17. Na4 h4 18. Bb2 Rfe8 19. Rbd1 Bh5 20. Bh3 Bf3 21. Bf5 Bg4 22. Bxg4 Nxg4 23. h3 Nh6 24. dxc5 dxc5 25. Bxg7 Kxg7 26. Rd5 f5 27. Rfd1 Nf6 28. Rxc5 Rad8 29. Nd4 Kg6 30. b6 Rd6 31. Rc7 Qe5 32. Rc5 Qe7 33. gxh4 gxh4 34. Kh1 Kh5 35. Rg1 Nfg4 36. Nxf5 1-0


[Site "https://www.chess.com"]

[Event "Titled Tuesday Blitz March 28 Late 2023"]
[White "Ozer, Omer Faruk"]
[Black "Firouzja, Alireza"]
[WhiteFideId "6354564"]
[BlackFideId "12573981"]
[WhiteElo "2260"]
[BlackElo "2904"]
[Result "0-1"]
[Round "02"]
[TimeControl "180+2"]
[Date "2023.03.28"]
[WhiteClock "0:00:10"]
[BlackClock "0:00:03"]

1. e4 c5 2. Nf3 d6 3. d4 cxd4 4. Nxd4 Nf6 5. Nc3 a6 6. Nb3 e6 7. g4 h6 8. Bg2 Nc6 9. f4 Qc7 10. O-O Be7 11. Be3 b6 12. Kh1 Bb7 13. Qe2 g5 14. e5 dxe5 15. f5 Nb4 16. fxe6 fxe6 17. Rae1 Nbd5 18. Nxd5 Nxd5 19. Bc1 Bd6 20. c4 Nf4 21. Bxf4 gxf4 22. Nd2 O-O-O 23. Ne4 Bb4 24. Rc1 Kb8 25. a3 Be7 26. b4 Bc6 27. c5 b5 28. a4 Rd4 29. Rfe1 Rf8 30. Bf3 Rxb4 31. axb5 axb5 32. Rb1 Rxb1 33. Rxb1 Qb7 34. Kg2 Rd8 35. Nc3 Bxf3+ 36. Qxf3 Rd2+ 37. Ne2 Rxe2+ 0-1


[Site "https://www.chess.com"]

[Event "Titled Tuesday Blitz March 28 Late 2023"]
[White "Fedoseev, Vladimir"]
[Black "Hardaway, Brewington"]
[WhiteFideId "24130737"]
[BlackFideId "30941849"]
[WhiteElo "2752"]
[BlackElo "2159"]
[Result "1-0"]
[Round "02"]
[TimeControl "180+2"]
[Date "2023.03.28"]
[WhiteClock "0:00:11"]
[BlackClock "0:00:01"]

1. e4 e5 2. Nf3 Nf6 3. Nc3 Nc6 4. Bb5 Bc5 5. d3 O-O 6. O-O Re8 7. Bg5 a6 8. Bxc6 dxc6 9. h3 h6 10. Be3 Bf8 11. Nd2 c5 12. a4 g5 13. Qf3 b6 14. a5 Bg7 15. axb6 cxb6 16. g4 Be6 17. Qg3 Nd7 18. Kg2 Nf8 19. Nf3 Ng6 20. Rh1 Nf4+ 21. Kg1 b5 22. Re1 c4 23. dxc4 Bxc4 24. Nd2 Rc8 25. Nxc4 Rxc4 26. Qf3 b4 27. Rd1 Qc8 28. Nd5 Rxc2 29. Nxb4 Rxb2 30. Nd5 Qc4 31. h4 Qe2 32. Qxe2 Nxe2+ 33. Kg2 Nf4+ 34. Kf3 a5 35. hxg5 hxg5 36. Nc7 Rc8 37. Rd7 Rb7 38. Rc1 a4 39. Nd5 Rxd7 40. Rxc8+ Kh7 41. Nb6 Rd6 42. Nxa4 Ne6 43. Nc3 Kg6 44. Nd5 Ra6 45. Ne7+ Kf6 46. Nf5 Ra3 47. Rb8 Nd4+ 48. Kg2 Ne6 49. Rb6 Ra4 50. Kf3 Ra3 51. Ng3 Kg6 52. Nf5 Bf8 53. Rb7 Bc5 54. Rb8 Bxe3 55. fxe3 Nd4+ 56. Kf2 Nxf5 57. exf5+ Kg7 58. Rb5 f6 59. Rb7+ Kf8 60. Kf3 Ra4 61. Rc7 Kg8 62. Rd7 Kf8 63. Rd6 Kf7 64. Rb6 Ke7 65. Rb2 Ra3 66. Ke4 Ra4+ 67. Kd5 Rxg4 68. Rb7+ Kd8 69. Ke6 Re4 70. Rb3 g4 71. Kxf6 g3 72. Rd3+ Ke8 73. Ke6 Ra4 74. f6 Ra6+ 75. Kf5 g2 76. Rd1 Kf7 77. Rd7+ Ke8 78. Rg7 Ra2 79. Kxe5 Ra5+ 80. Kf4 Ra6 81. Kf5 Ra5+ 82. Ke4 1-0


[Site "https://www.chess.com"]

[Event "Titled Tuesday Blitz March 28 Late 2023"]
[White "Koksal, Ege"]
[Black "Lazavik, Denis"]
[WhiteFideId "6317626"]
[BlackFideId "13515110"]
[WhiteElo "2226"]
[BlackElo "2560"]
[Result "1/2-1/2"]
[Round "02"]
[TimeControl "180+2"]
[Date "2023.03.28"]
[WhiteClock "0:00:42"]
[BlackClock "0:01:08"]

1. d4 Nf6 2. c4 e6 3. Nf3 d5 4. Nc3 Be7 5. Bg5 h6 6. Bh4 dxc4 7. e3 c5 8. Bxc4 cxd4 9. Qxd4 Qxd4 10. Nxd4 a6 11. Be2 Nbd7 12. O-O O-O 13. Rac1 Nb6 14. Bf3 Nc4 15. Rc2 Ne5 16. Be2 Bd7 17. Rfc1 Rac8 18. Ne4 g5 19. Nxf6+ Bxf6 20. Bg3 Nc6 21. Nxc6 Rxc6 22. Bf3 Rxc2 23. Rxc2 Rc8 24. Rxc8+ Bxc8 25. b3 Bb2 26. Bd6 f6 27. Kf1 Kf7 28. Ke2 Kg6 29. Kd3 b5 30. Bc5 f5 31. Bc6 Be5 32. g3 Kf7 33. f4 Bc7 34. Bd4 g4 35. Be5 Bd8 36. b4 h5 37. Bd6 h4 38. Kd4 Bb6+ 39. Bc5 Bd8 40. Bd6 hxg3 41. hxg3 Bb6+ 42. Kd3 Bd8 43. Kd4 Bb6+ 44. Kd3 Bd8 45. Kd4 1/2-1/2


[Site "https://www.chess.com"]

[Event "Titled Tuesday Blitz March 28 Late 2023"]
[White "Kollars, Dmitrij"]
[Black "Djokic, Mihailo"]
[WhiteFideId "12909572"]
[BlackFideId "976440"]
[WhiteElo "2584"]
[BlackElo "2294"]
[Result "0-1"]
[Round "02"]
[TimeControl "180+2"]
[Date "2023.03.28"]
[WhiteClock "0:00:07"]
[BlackClock "0:00:07"]

1. Nf3 Nf6 2. d4 g6 3. c4 Bg7 4. Nc3 O-O 5. e4 d6 6. Be2 e5 7. O-O Nc6 8. d5 Ne7 9. Bg5 Ne8 10. Nd2 h6 11. Be3 f5 12. f3 f4 13. Bf2 g5 14. c5 Ng6 15. Rc1 Rf7 16. Nb5 a6 17. Na3 dxc5 18. Bxc5 Kh7 19. Qb3 h5 20. d6 Rd7 21. dxc7 Nxc7 22. Ndc4 Ne6 23. Nb6 Rd2 24. Nxa8 Nxc5 25. Rxc5 Qd4+ 26. Kh1 Qxc5 27. Qc4 Qxc4 28. Bxc4 b5 29. Bd5 Rxb2 30. Nb6 Ne7 31. Bb3 Bb7 32. Rd1 Bc6 33. Nc2 a5 34. Ne1 a4 35. Nd3 Re2 36. Bf7 g4 37. Bxh5 gxf3 38. Bxf3 Rxa2 39. Nb4 Rb2 40. N6d5 Bxd5 41. Nxd5 Nc6 42. Bg4 Nd4 43. Bf5+ Nxf5 44. exf5 e4 45. f6 e3 46. fxg7 e2 47. Re1 Rd2 48. Kg1 Rxd5 49. Rxe2 Kxg7 50. Re7+ Kf6 51. Ra7 Ke5 52. h4 Kf5 53. Kf2 Kg4 54. Rg7+ Kxh4 55. Kf3 Rd4 56. Rb7 Rb4 57. Rg7 a3 58. Ra7 Ra4 59. Rh7+ Kg5 60. Rh1 a2 61. Ra1 Ra3+ 62. Ke4 Kg4 63. Kd4 Kg3 64. Kc5 Kxg2 65. Kb4 Ra8 66. Kb3 f3 67. Rc1 a1=Q 68. Rc7 Ra3+ 69. Kb4 Qb2+ 70. Kc5 Rc3+ 71. Kb6 Rxc7 72. Ka6 Qa3+ 73. Kb6 Qa7+ 74. Kxb5 Rc5+ 0-1


[Site "https://www.chess.com"]

[Event "Titled Tuesday Blitz March 28 Late 2023"]
[White "Mhango, Banele"]
[Black "Svane, Rasmus"]
[WhiteFideId "14327040"]
[BlackFideId "4657101"]
[WhiteElo "2204"]
[BlackElo "2597"]
[Result "0-1"]
[Round "02"]
[TimeControl "180+2"]
[Date "2023.03.28"]
[WhiteClock "0:00:16"]
[BlackClock "0:01:14"]

1. Nf3 d5 2. g3 Nd7 3. d4 Nb6 4. a3 Bf5 5. a4 a5 6. Bg2 e6 7. O-O Be7 8. c3 h6 9. Nfd2 Nf6 10. Re1 O-O 11. e4 Bh7 12. exd5 Nbxd5 13. Ne4 c6 14. Nbd2 Qc7 15. Nxf6+ Nxf6 16. Nc4 Nd5 17. Ne5 Rad8 18. Qg4 Nf6 19. Qe2 c5 20. Bf4 Qb6 21. Nc4 Qa6 22. Be3 Nd5 23. dxc5 Nxe3 24. Nxe3 Bd3 25. Qf3 Bxc5 26. Ng4 Bf5 27. Ne3 Rd2 28. Nxf5 exf5 29. Rf1 Rxb2 30. Qxf5 Qb6 0-1


[Site "https://www.chess.com"]

[Event "Titled Tuesday Blitz March 28 Late 2023"]
[White "Bluebaum, Matthias"]
[Black "Gold_Ocean"]
[WhiteFideId "24651516"]
[WhiteElo "2638"]
[BlackElo "2629"]
[Result "1-0"]
[Round "02"]
[TimeControl "180+2"]
[Date "2023.03.28"]
[WhiteClock "0:01:11"]
[BlackClock "0:00:14"]

1. d4 Nf6 2. c4 g6 3. Nc3 Bg7 4. e4 d6 5. Nf3 O-O 6. Be2 e5 7. Be3 Ng4 8. Bg5 f6 9. Bh4 Nh6 10. dxe5 dxe5 11. Qxd8 Rxd8 12. Nd5 g5 13. Nxc7 gxh4 14. Nxa8 Na6 15. Rd1 Rf8 16. c5 Nxc5 17. Bc4+ Be6 18. Bxe6+ Nxe6 19. Rd6 Nf4 20. Nc7 Nxg2+ 21. Kf1 h3 22. Ne6 Re8 23. Rd8 Rxd8 24. Nxd8 b6 25. Nc6 Bf8 26. Ne1 Nf4 27. Rg1+ Kf7 28. Nxa7 Bc5 29. Nc6 b5 30. Rg3 Ke6 31. Nd3 Nxd3 32. Rxd3 Ng4 33. Rxh3 Nxf2 34. Rh4 Nd3 35. Rxh7 Nxb2 36. Nd8+ Kd6 37. Nb7+ Kc6 38. Nxc5 Kxc5 39. h4 Kd4 40. h5 Kxe4 41. h6 Kf5 42. Rd7 Ke6 43. Ra7 Nc4 44. h7 Ne3+ 45. Kg1 1-0


[Site "https://www.chess.com"]

[Event "Titled Tuesday Blitz March 28 Late 2023"]
[White "Sai Krishna G V"]
[Black "Duda, Jan-Krzysztof"]
[WhiteFideId "5028280"]
[BlackFideId "1170546"]
[WhiteElo "2359"]
[BlackElo "2790"]
[Result "0-1"]
[Round "02"]
[TimeControl "180+2"]
[Date "2023.03.28"]
[WhiteClock "0:01:18"]
[BlackClock "0:01:59"]

1. d4 Nf6 2. Nf3 g6 3. Bf4 Bg7 4. e3 c5 5. Nbd2 cxd4 6. exd4 O-O 7. h4 d6 8. Bd3 h6 9. Qe2 Nc6 10. O-O-O Nb4 11. Bc4 Bf5 12. Ne1 b5 13. Bxb5 Nfd5 14. Bg3 Nxa2+ 15. Kb1 Nac3+ 16. bxc3 Nxc3+ 17. Kc1 Nxe2+ 18. Bxe2 Bxd4 19. Nb3 Bg7 20. Bf4 a5 21. g4 Be4 22. f3 a4 23. fxe4 axb3 24. cxb3 Qc7+ 25. Kd2 Qc3# 0-1


[Site "https://www.chess.com"]